 Dungeon Crawl Stone Soup version 0.28.0-53-g5a82cb258f (webtiles) character file.

Game seed: 12883546277878153245

101 Zeld the Ruffian (level 4, -1/36 HPs)
             Began as a Draconian Transmuter on June 5, 2022.
             Succumbed to a scorpion's poison
             ... on level 2 of the Dungeon.
             The game lasted 00:01:26 (1795 turns).

Zeld the Ruffian (Draconian Transmuter)             Turns: 1795, Time: 00:01:26

Health: -1/36      AC:  2    Str: 15    XL:     4   Next: 48%
Magic:  3/7        EV: 19    Int: 13    God:
Gold:   48         SH:  0    Dex: 16    Spells: 1/7 levels left

rFire   . . .      SeeInvis .     - Unarmed
rCold   + . .      Faith    .   (shield currently unavailable)
rNeg    . . .      Spirit   .   (armour unavailable)
rPois   x          Reflect  .   (helmet currently unavailable)
rElec   .          Harm     .   (cloak currently unavailable)
rCorr   .          Rampage  .   (gloves currently unavailable)
Will    .....                   (boots currently unavailable)
Stlth   +.........              (no amulet)
HPRegen 0.12/turn               c - ring of protection from cold
MPRegen 0.10/turn               (no ring)

@: lethally poisoned (-1 -> -16), spider-form (expiring), attractive, hasted,
very quick
A: venomous fangs, AC +5, tiny, unfitting armour, (cold-blooded)
a: End Transformation


You were on level 2 of the Dungeon.
You were a venomous arachnid creature.
You visited 1 branch of the dungeon, and saw 2 of its levels.

You collected 48 gold pieces.

Inventory:

Jewellery
 c - a ring of protection from cold (left front leg)
Scrolls
 a - 2 scrolls of fear {unknown}
 b - a scroll of teleportation {unknown}
 d - a scroll of enchant weapon {unknown}
 f - 2 scrolls of magic mapping {unknown}
 h - a scroll of vulnerability {unknown}
 i - a scroll of torment {unknown}
Potions
 e - a potion of heal wounds {unknown}
 g - 3 potions of haste


   Skills:
 + Level 2.2 Fighting
 - Level 1.7 Dodging
 - Level 3.0 Unarmed Combat
 + Level 2.3 Spellcasting
 + Level 2.5 Transmutations
 - Level 2.0 Ice Magic
 - Level 2.0 Poison Magic


You had one spell level left.
You knew the following spells:

 Your Spells              Type           Power      Damage    Failure   Level
a - Beastly Appendage     Tmut           16%        N/A       22%         1
b - Wereblood             Tmut           8%         N/A       30%         2
c - Spider Form           Tmut/Pois      7%         N/A       50%         3

Your spell library contained the following spells:

 Spells                   Type           Power      Damage    Failure   Level
 Ice Form                 Ice/Tmut       7%         N/A       85%         4


Dungeon Overview and Level Annotations

Branches:
Dungeon (2/15)

Altars:


Innate Abilities, Weirdness & Mutations

You are a venomous arachnid creature.
You have poisonous fangs.
You are tiny and dextrous.
Your spellcasting is less reliable in this form.
Your armour is entirely melded.
You are incapable of wielding weapons or throwing items.
((Your plain brown scales are hard. (AC +5)))
You cannot fit into any form of body armour.
((You are cold-blooded and may be slowed by cold attacks.))


Message History

Casting: Beastly Appendage (safe; 10% risk of failure)
Confirm with . or Enter, or press ? or * to list all spells.
The spell is extremely dangerous to miscast (32% risk of failure)!
Continue anyway?
Your horns disappear.
Your talons disappear.
You turn into a venomous arachnid creature.
The scorpion stings you.
You are poisoned.
The scorpion poisons you!
You hit the scorpion.
The scorpion is poisoned.
The scorpion is moderately wounded.
You feel very sick. The scorpion stings you.
You are lethally poisoned!
The scorpion poisons you! The scorpion completely misses you.
You are too injured to fight recklessly!
You are too injured to fight recklessly!
You hit the scorpion but do no damage.
The scorpion looks as sick as possible!
The scorpion is moderately wounded.
* * * LOW HITPOINT WARNING * * *
You feel very sick. The scorpion misses you.
It was a potion of haste.
You feel yourself speed up.
* * * LOW HITPOINT WARNING * * *
You feel very sick.
You kill the scorpion!
Training target 2.0 for Ice Magic reached!
Training target 2.0 for Poison Magic reached!
Your Fighting skill increases to level 2!
Your Ice Magic skill increases to level 2!
Your Poison Magic skill increases to level 2!
You have reached level 4!
You feel stronger.
It was a potion of attraction.
You feel attractive to monsters.
* * * LOW HITPOINT WARNING * * *
You feel very sick.
Unknown command.
e - a fizzy silvery potion Your transformation is almost over.
You die...

#.###.######.....##
#....>.............
#####.#######.#####
.#####...:.## #.#
............# #.#
#####......# #.#
#......# ###
#......#
##.s....###
#..........
#.....#.###
#.....#.# #....## #
#....# ####.. ..
...


There were no monsters in sight!

Vanquished Creatures
  A scorpion (D:2)
  2 adders (D:2)
  A dart slug (D:1)
  2 bats
  An endoplasm (D:1)
  2 giant cockroaches
  2 goblins
  2 hobgoblins (D:1)
  4 jackals (D:1)
  A kobold (D:2)
  2 ball pythons (D:1)
  A frilled lizard (D:1)
  2 rats (D:1)
23 creatures vanquished.

Vanquished Creatures (others)
  3 fungi (D:1)
  3 plants (D:1)
6 creatures vanquished.

Grand Total: 29 creatures vanquished

Notes
Turn   | Place    | Note
-------+----------+-------------------------------------------
     0 | D:1      | Zeld the Draconian Transmuter began the quest for the Orb.
     0 | D:1      | Reached XP level 1. HP: 16/16 MP: 3/3
   401 | D:1      | Reached XP level 2. HP: 18/23 MP: 3/5
   413 | D:1      | Learned a level 2 spell: Wereblood
   548 | D:1      | Reached skill level 1 in Poison Magic
   943 | D:1      | Reached skill level 1 in Ice Magic
  1175 | D:1      | Found a faded altar of an unknown god.
  1424 | D:2      | Reached XP level 3. HP: 28/28 MP: 6/6
  1428 | D:2      | Learned a level 3 spell: Spider Form
  1784 | D:2      | Noticed a scorpion
  1793 | D:2      | Killed a scorpion
  1794 | D:2      | Reached XP level 4. HP: 4/36 MP: 2/7
  1794 | D:2      | HP: 1/36 [poisoned by a scorpion]
  1795 | D:2      | Succumbed to a scorpion's poison

Illustrated notes

Levels and vault maps discovered:
D:1:      dpeg_arrival_round_a, layout_loops_ring,
          shapermc_ecumenical_altar_petra, minmay_pentomino_v4
D:2:      layout_basic

Skill      XL: |  1  2  3 |
---------------+----------+-----
Poison Magic   | 1 2 |  2.0
Ice Magic      | 1 2 |  2.0
Fighting       | 2 |  2.2
Dodging        | |  1.7
Unarmed Combat | |  3.0
Spellcasting   | |  2.3
Transmutations | |  2.5

Action                   |  1- 3 |  4- 6 || total
-------------------------+-------+-------++-------
Melee: Unarmed           |    75 |       ||    75
       Kick              |    13 |       ||    13
       Headbutt          |     7 |       ||     7
       Tailslap          |     8 |       ||     8
       Punch             |     3 |       ||     3
 Cast: Beastly Appendage |    20 |       ||    20
       Spider Form       |     1 |       ||     1
  Use: Potion            |     1 |     1 ||     2
Armor: Skin              |    13 |       ||    13
Dodge: Dodged            |    54 |       ||    54
